 Dungeon Crawl Stone Soup version 0.20.0-6-gd3061e9 (webtiles) character file.

676 MDvedh the Ruffian (level 7, -1/57 HPs)
             Began as a Naga Transmuter on May 28, 2017.
             Slain by Fairytaker's ghost (12 damage)
             ... on level 5 of the Dungeon.
             The game lasted 00:12:01 (5607 turns).

MDvedh the Ruffian (Naga Transmuter)                Turns: 5607, Time: 00:12:02

Health: -1/57      AC:  3    Str: 18    XL:     7   Next: 60%
Magic:  7/10       EV: 10    Int: 15    God:
Gold:   212        SH:  0    Dex: 11    Spells: 4/10 levels left

rFire    . . .     SeeInvis +     - Unarmed
rCold    . . .     Gourm    .   (no shield)
rNeg     . . .     Faith    .   b - +0 robe
rPois    +         Spirit   .   (no helmet)
rElec    .         Reflect  .   (no cloak)
rCorr    .         Harm     .   (no gloves)
MR       .....                  (no barding)
Stlth    +.........             g - amulet of magic regeneration
Regen    0.2/turn               (no ring)
MPRegen  0.2/turn               r - ring of wizardry

@: mighty, very slow
A: see invisible, deformed body, poison resistance, slowness 2, slow metabolism
1, spit poison 1, AC +2
a: Spit Poison


You were on level 5 of the Dungeon.
You were hungry.

You visited 2 branches of the dungeon, and saw 6 of its levels.

You collected 212 gold pieces.

Inventory:

Missiles
 a - 89 arrows
 l - 73 stones (quivered)
Armour
 b - a +0 robe (worn)
Jewellery
 g - an amulet of magic regeneration (around neck)
 j - an uncursed amulet of rage {unknown}
 r - a ring of wizardry (right hand)
Wands
 q - a wand of flame (32/48)
Scrolls
 i - 2 scrolls of remove curse
 m - a scroll of blinking
Potions
 o - a potion of cancellation {unknown}
 s - a potion of invisibility {unknown}
Books
 c - a book of Changes

   Spells                             Type                      Level
   a - Beastly Appendage              Transmutation                1
   b - Sticks to Snakes               Transmutation                2
   c - Spider Form                    Transmutation/Poison         3
   d - Ice Form                       Ice/Transmutation            4
   e - Blade Hands                    Transmutation                5
 e - a book of Callings

   Spells                             Type                      Level
   a - Summon Small Mammal            Summoning                    1
   b - Call Imp                       Summoning                    2
   c - Call Canine Familiar           Summoning                    3
   d - Summon Guardian Golem          Hexes/Summoning              3
   e - Summon Lightning Spire         Summoning/Air                4
   f - Summon Ice Beast               Ice/Summoning                4
Comestibles
 d - 2 bread rations
 t - 2 meat rations


   Skills:
 - Level 1.0 Fighting
 - Level 1.5 Dodging
 * Level 6.5 Unarmed Combat
 - Level 2.0 Spellcasting
 + Level 5.9 Transmutations


You had 4 spell levels left.
You knew the following spells:

 Your Spells              Type           Power        Failure   Level  Hunger
a - Beastly Appendage     Tmut           ###...       1%          1    #......
b - Sticks to Snakes      Tmut           ###.....     1%          2    ###....
c - Spider Form           Tmut/Pois      ##........   9%          3    ###....


Dungeon Overview and Level Annotations

Branches:
Dungeon (5/15)             Temple (1/1) D:4

Altars:
Elyvilon
Fedhas
Gozag
Hepliaklqana
Kikubaaqudgha
Okawaru
Qazlal
Ru
Sif Muna
Trog
Uskayaw
Vehumet
Yredelemnul
Zin
The Shining One

Annotations:
D:5 Fairytaker's ghost, novice TrFi


Innate Abilities, Weirdness & Mutations

You cannot wear boots.
Your serpentine skin is tough. (AC +2)
You have supernaturally acute eyesight. (SInv)
Armour fits poorly on your strangely shaped body.
Your system is resistant to poisons. (rPois)
You cover ground very slowly.
You have a slow metabolism.
You can spit poison.


Message History

Your ball python bites Fairytaker's ghost but does no damage.
Your ball python closely misses Fairytaker's ghost.
Your ball python bites Fairytaker's ghost but does no damage.
Fairytaker's ghost hits you but does no damage.
Unknown command.
Your horns disappear.
Your ball python bites Fairytaker's ghost but does no damage.
Your ball python barely misses Fairytaker's ghost.
Unknown command.
You feel very mighty all of a sudden.
Your ball python misses Fairytaker's ghost.
Your ball python closely misses Fairytaker's ghost.
Fairytaker's ghost misses you.
Unknown command.
You hit Fairytaker's ghost.
Fairytaker's ghost is heavily damaged.
Your ball python closely misses Fairytaker's ghost.
Your ball python bites Fairytaker's ghost.
Fairytaker's ghost hits you!
You die...

#.....#.#***#.# *,**
#....<#.#####.## **,* ##*
###.###........# **+** ** ..##
##.# #..#.##.## *,,,* ***,
...###..###..#...:.# *,,,* *,,,
..................## *,,,* ***,
#..###.#######....# ***** *,,,
#..# #.# ##.#.## *,,, ...# #.#
#.@..# *******,,
####*###******###W## *,**,,,,,
,,,,,,,,,,,,,,,#.SS#*****,**,,,,,
,,*,,,*,,,*,,,*#S†........,,,**,,
,,,,,,,,,,,,,.......######*,,,,,,
,,*,,,*,,,*...#.....# *,,**,,
,,,,,,,,,,..........# *,,,,,,
**********#####.....# *,,,,,,
******,,*,**,,......# *,,,,,,


You could see Fairytaker's ghost and 2 friendly ball pythons.

Vanquished Creatures
  An ogre (D:4)
  A scorpion (D:4)
  A bullfrog skeleton (D:4)
  A hound (D:4)
  An orc priest (D:4)
  An iguana (D:4)
  2 orc wizards (D:4)
  2 worker ants (D:4)
  3 gnolls (D:2)
  2 adders
  4 worms
  3 leopard geckos
  11 orcs
  6 ball pythons
  4 goblins
  4 hobgoblins
  9 jackals
  3 quokkas
  6 bats
  5 frilled lizards
  5 kobolds
  A leopard gecko skeleton (D:4)
  7 rats
83 creatures vanquished.

Vanquished Creatures (collateral kills)
  Grinder (D:5)
1 creature vanquished.

Grand Total: 84 creatures vanquished

Notes
Turn   | Place    | Note
-------+----------+-------------------------------------------
     0 | D:1      | MDvedh the Naga Transmuter began the quest for the Orb.
     0 | D:1      | Reached XP level 1. HP: 18/18 MP: 3/3
   297 | D:1      | Reached XP level 2. HP: 25/25 MP: 5/5
   638 | D:1      | Reached XP level 3. HP: 31/31 MP: 6/6
   652 | D:1      | Learned a level 2 spell: Sticks to Snakes
   656 | D:1      | Learned a level 3 spell: Spider Form
  2085 | D:2      | Reached XP level 4. HP: 13/38 MP: 7/7
  3384 | D:3      | Found a bloodstained altar of Trog.
  3537 | D:4      | Noticed an ogre
  3543 | D:4      | Killed an ogre
  3543 | D:4      | Reached skill level 4 in Unarmed Combat
  3543 | D:4      | Reached XP level 5. HP: 44/44 MP: 6/8
  3615 | D:4      | Reached skill level 5 in Transmutations
  3615 | D:4      | Reached XP level 6. HP: 27/51 MP: 9/9
  3813 | D:4      | Reached skill level 5 in Unarmed Combat
  4344 | D:4      | Found a staircase to the Ecumenical Temple.
  4476 | Temple   | Entered the Ecumenical Temple
  4995 | D:4      | Reached XP level 7. HP: 56/57 MP: 10/10
  5156 | D:5      | Entered Level 5 of the Dungeon
  5453 | D:5      | Noticed Grinder
  5472 | D:5      | Killed Grinder
  5472 | D:5      | Reached skill level 6 in Unarmed Combat
  5594 | D:5      | Noticed Fairytaker's ghost (novice TrFi)
  5607 | D:5      | Slain by Fairytaker's ghost

Skill      XL: |  1  2  3  4  5  6  7 |
---------------+----------------------+-----
Transmutations | 3 4 5 |  5.9
Unarmed Combat | 4 5 6 |  6.5
Fighting       | |  1.0
Dodging        | |  1.5
Spellcasting   | |  2.0

Action                   |  1- 3 |  4- 6 |  7- 9 || total
-------------------------+-------+-------+-------++-------
Melee: Unarmed           |    87 |   136 |    47 ||   270
       Headbutt          |     5 |    11 |     7 ||    23
       Punch             |     1 |     2 |       ||     3
Throw: Stone             |       |     3 |     4 ||     7
 Cast: Beastly Appendage |     8 |    14 |     5 ||    27
       Sticks to Snakes  |     1 |       |     5 ||     6
       Spider Form       |       |     1 |     1 ||     2
 Abil: Spit Poison       |    28 |    20 |     8 ||    56
  Use: Scroll            |       |     3 |     6 ||     9
       Potion            |       |     1 |     1 ||     2
 Stab: Sleeping          |     1 |     1 |       ||     2
  Eat: Chunk             |     3 |     8 |     2 ||    13
       Royal jelly       |       |     1 |       ||     1
Armor: Robe              |    18 |    22 |     5 ||    45
       Skin              |       |     4 |       ||     4
Dodge: Dodged            |    53 |    59 |    21 ||   133
